[Event "Titled Tuesday Blitz May 16 Early 2023"]
[White "Jeet, Jain"]
[Black "Santos Flores, Alberto"]
[WhiteFideId "5073022"]
[BlackFideId "3601234"]
[WhiteElo "2067"]
[BlackElo "2235"]
[Result "1/2-1/2"]
[Round "09"]
[TimeControl "180+2"]
[Date "2023.05.16"]
[WhiteClock "0:00:19"]
[BlackClock "0:00:11"]

1. d4 d5 2. Nf3 Nf6 3. e3 c6 4. Be2 Bf5 5. O-O h6 6. b3 e6 7. Bb2 Nbd7 8. c4 Be7 9. Nbd2 O-O 10. Ne5 Nxe5 11. dxe5 Ne4 12. Nf3 Bg6 13. Nd4 c5 14. Nb5 a6 15. Nc3 Nxc3 16. Bxc3 dxc4 17. bxc4 Qxd1 18. Rfxd1 Rfd8 19. f3 Rxd1+ 20. Rxd1 Rd8 21. e4 Rxd1+ 22. Bxd1 f6 23. Ba4 Kf7 24. Kf2 f5 25. exf5 Bxf5 26. Ke3 Bd8 27. Bb2 Ke7 28. Ba3 Bb6 29. g4 Bg6 30. f4 Ba7 31. h4 Bb1 32. Bb3 b5 33. Bc1 Bg6 34. h5 Be8 35. g5 Bxh5 36. gxh6 gxh6 37. Kf2 Bg6 38. a4 Bd3 39. axb5 axb5 40. Ke3 Bxc4 41. Bxc4 bxc4 42. Kd2 Kf7 43. Kc3 Kg6 44. f5+ Kxf5 45. Bxh6 Kxe5 46. Kxc4 Kd6 47. Bf8+ Kc6 48. Be7 e5 49. Bf8 e4 50. Be7 Kd7 51. Bg5 Ke6 52. Be3 Ke5 53. Kb5 Kd5 54. Bf2 Ke5 55. Be3 Kf5 56. Ka6 Bb8 57. Bxc5 Kf4 58. Kb5 Kf3 59. Kc4 Be5 60. Bb6 Ke2 61. Kd5 e3 62. Kxe5 Kd3 63. Bxe3 1/2-1/2


[Site "https://www.chess.com"]

[Event "Titled Tuesday Blitz May 16 Early 2023"]
[White "Koellner, Ruben Gideon"]
[Black "Degenbaev, Aziz"]
[WhiteFideId "12993093"]
[BlackFideId "13802640"]
[WhiteElo "2314"]
[BlackElo "2152"]
[Result "0-1"]
[Round "09"]
[TimeControl "180+2"]
[Date "2023.05.16"]
[WhiteClock "0:00:00"]
[BlackClock "0:00:31"]

1. d4 Nf6 2. Nf3 g6 3. Nbd2 Bg7 4. e4 O-O 5. c3 d6 6. Bc4 Nc6 7. O-O e5 8. dxe5 Nxe5 9. Nxe5 dxe5 10. Qe2 Qe7 11. a4 a5 12. b3 b6 13. Ba3 c5 14. Rfd1 Nh5 15. g3 Kh8 16. f3 f5 17. Bd5 Rb8 18. Nc4 fxe4 19. Bxe4 Nf6 20. Rd6 Nxe4 21. fxe4 Ba6 22. Rad1 Rfd8 23. Rxd8+ Rxd8 24. Rxd8+ Qxd8 25. Nxe5 Qd4+ 26. cxd4 Bxe2 27. Nd7 cxd4 28. Kg2 d3 29. Bc1 Bc3 30. Kf2 Bg4 31. Nxb6 Bd4+ 32. Be3 Bxb6 0-1


[Site "https://www.chess.com"]

[Event "Titled Tuesday Blitz May 16 Early 2023"]
[White "Cezila Jr, Rubens"]
[Black "RobertDowneyJr0111"]
[WhiteFideId "2116723"]
[WhiteElo "2214"]
[BlackElo "2625"]
[Result "1-0"]
[Round "09"]
[TimeControl "180+2"]
[Date "2023.05.16"]
[WhiteClock "0:00:15"]
[BlackClock "0:00:04"]

1. c4 c6 2. Nc3 d5 3. e3 Nf6 4. Nf3 e6 5. b3 Nbd7 6. Bb2 Bd6 7. Rc1 Qe7 8. g3 O-O 9. Bg2 dxc4 10. bxc4 e5 11. d3 Nc5 12. O-O Bf5 13. e4 Bg4 14. h3 Bxf3 15. Bxf3 Rad8 16. Rc2 Ne6 17. Ne2 Bc5 18. h4 Nd4 19. Bxd4 Bxd4 20. Qb1 Bb6 21. Rd1 Nd7 22. Nc1 Nc5 23. Bg2 f5 24. exf5 Rxf5 25. Nb3 Ne6 26. Bh3 Rf3 27. Bxe6+ Qxe6 28. c5 Bc7 29. Re2 Rdf8 30. Nd4 Qg4 31. Nxf3 Rxf3 32. Qxb7 Bd8 33. Qxc6 h6 34. Qd5+ Kh7 35. Qxd8 Rxg3+ 36. fxg3 Qxe2 37. Rf1 Qe3+ 38. Kg2 Qe2+ 39. Rf2 1-0


[Site "https://www.chess.com"]

[Event "Titled Tuesday Blitz May 16 Early 2023"]
[White "Zavortink, Matt"]
[Black "Spata, German"]
[WhiteFideId "2034263"]
[BlackFideId "113026"]
[WhiteElo "2463"]
[BlackElo "2260"]
[Result "0-1"]
[Round "09"]
[TimeControl "180+2"]
[Date "2023.05.16"]
[WhiteClock "0:00:02"]
[BlackClock "0:00:06"]

1. Nf3 Nf6 2. g3 b6 3. Bg2 Bb7 4. O-O e6 5. c4 Be7 6. d4 O-O 7. d5 Na6 8. Nc3 Bb4 9. Qc2 Nc5 10. Rd1 d6 11. a3 Bxc3 12. Qxc3 exd5 13. Nh4 Nfe4 14. Qc2 dxc4 15. Qxc4 d5 16. Qc2 Qf6 17. Be3 Ne6 18. b4 Rfd8 19. Nf3 d4 20. Bc1 Nc3 21. Re1 Be4 22. Qd2 c5 23. Bb2 h6 24. bxc5 bxc5 25. Rac1 Rab8 26. Bxc3 dxc3 27. Qxc3 Bxf3 28. Qxf6 gxf6 29. Bxf3 Rb3 30. a4 Ra3 31. Rc4 Rd4 32. Rec1 Rxa4 33. Rxa4 Rxa4 34. Bd5 Ra5 35. e3 Kf8 36. Kf1 Ke7 37. Ke2 Kd6 38. Bf3 Rb5 39. Rd1+ Kc7 40. Bg4 a5 41. f4 a4 42. Ra1 Ra5 43. Kd3 a3 44. Kc3 Kc6 45. Bxe6 fxe6 46. Kb3 a2 47. e4 f5 48. exf5 exf5 49. h3 h5 50. Rxa2 Rxa2 51. Kxa2 Kd5 52. Kb3 Ke4 53. Kc4 Kf3 54. Kxc5 Kxg3 55. Kd5 Kxh3 56. Ke5 Kg4 0-1


[Site "https://www.chess.com"]

[Event "Titled Tuesday Blitz May 16 Early 2023"]
[White "Koepke, Christian"]
[Black "Camilla_Lee"]
[WhiteFideId "4655737"]
[WhiteElo "2204"]
[BlackElo "2615"]
[Result "1-0"]
[Round "09"]
[TimeControl "180+2"]
[Date "2023.05.16"]
[WhiteClock "0:00:38"]
[BlackClock "0:00:13"]

1. e4 e5 2. Nc3 Nf6 3. d4 exd4 4. Qxd4 Nc6 5. Qd3 Bb4 6. Bd2 O-O 7. O-O-O Re8 8. Nge2 d6 9. Bg5 h6 10. Bxf6 Qxf6 11. Nd5 Qd8 12. Nxb4 Nxb4 13. Qd2 a5 14. Nc3 Be6 15. a3 Na6 16. Bb5 c6 17. Bxa6 Rxa6 18. Qxd6 Qg5+ 19. f4 Qxg2 20. f5 Bc8 21. Rdg1 c5 22. Qxc5 Qf3 23. Rf1 Rc6 24. Qd4 Qh3 25. Rhg1 f6 26. Rg3 Qh5 27. Rfg1 Qf7 28. Nd5 Kh8 29. Rxg7 Qxg7 30. Rxg7 Kxg7 31. Qg1+ Kf8 32. Qg6 Rxe4 33. Nxf6 Re1+ 34. Kd2 Rh1 35. Qe8+ Kg7 36. Nh5+ Kh7 37. Qf7+ 1-0


[Site "https://www.chess.com"]

[Event "Titled Tuesday Blitz May 16 Early 2023"]
[White "bubeliang"]
[Black "Gurevich, Dmitry"]
[BlackFideId "2000407"]
[WhiteElo "2612"]
[BlackElo "2506"]
[Result "1-0"]
[Round "09"]
[TimeControl "180+2"]
[Date "2023.05.16"]
[WhiteClock "0:00:03"]
[BlackClock "0:00:00"]

1. e4 c5 2. c3 d5 3. exd5 Qxd5 4. d4 Nf6 5. Nf3 e6 6. Na3 Nc6 7. Be3 cxd4 8. Nb5 Qd8 9. Nbxd4 Nxd4 10. Bxd4 a6 11. Ne5 Be7 12. Qa4+ Nd7 13. Bb5 f6 14. Bxd7+ Bxd7 15. Nxd7 Qxd7 16. Qxd7+ Kxd7 17. O-O-O Kc6 18. f4 Rhe8 19. Rhe1 Bd6 20. g3 Rad8 21. Re2 Re7 22. Rde1 Rde8 23. Kc2 e5 24. fxe5 fxe5 25. Be3 e4 26. Bd4 Bc5 27. Be3 Rf7 28. Bxc5 Kxc5 29. Rxe4 Rf2+ 30. Kb3 Rxe4 31. Rxe4 Rxh2 32. Re7 g6 33. Rxb7 Rh3 34. g4 Rh4 35. g5 Rh5 36. a4 Rxg5 37. Rxh7 Rg2 38. Rg7 Kb6 39. Ka3 Rg3 40. Kb4 a5+ 41. Kb3 Rg4 42. Rg8 Rg3 43. Rf8 Rg4 44. Rf6+ Kb7 45. Ka3 Rg3 46. Ka2 Rg4 47. b3 Rg2+ 48. Ka3 Rg3 49. c4 g5 50. Rg6 g4 51. Kb2 Rg1 52. Kc3 g3 53. Kd4 g2 54. Kc5 Rb1 55. Rxg2 Rxb3 56. Rg7+ Ka6 57. Kc6 Rb4 58. c5 Rxa4 59. Rg8 Ka7 60. Kb5 Rb4+ 61. Kc6 Rb1 62. Rg4 Ka6 63. Rg8 Ka7 64. Rg7+ Ka6 65. Rg4 Ka7 66. Kd6 Rd1+ 67. Kc7 Rc1 68. c6 Ka6 69. Rg5 a4 70. Rg3 Kb5 71. Rg5+ Kb4 72. Kb7 a3 73. Rg2 1-0


[Site "https://www.chess.com"]

[Event "Titled Tuesday Blitz May 16 Early 2023"]
[White "Koutsin, Sergey"]
[Black "Piesik, Piotr"]
[WhiteFideId "14101483"]
[BlackFideId "1136194"]
[WhiteElo "2381"]
[BlackElo "2299"]
[Result "1/2-1/2"]
[Round "09"]
[TimeControl "180+2"]
[Date "2023.05.16"]
[WhiteClock "0:00:31"]
[BlackClock "0:00:41"]

1. d4 c5 2. d5 e5 3. e4 d6 4. Bb5+ Nd7 5. a4 Be7 6. Nc3 Bg5 7. Nf3 Bxc1 8. Qxc1 Ne7 9. O-O O-O 10. Nd2 Ng6 11. g3 Nf6 12. f3 Bh3 13. Rf2 Ne8 14. Nf1 f5 15. exf5 Bxf5 16. Ne3 Bh3 17. Bd3 Nf6 18. Qd2 Qd7 19. b3 Ne7 20. Bc4 Nf5 21. Nxf5 Qxf5 22. Bd3 Qh5 23. Bf1 a6 24. Re1 Rf7 25. Bg2 Raf8 26. Ref1 g5 27. Bxh3 Qxh3 28. Ne4 Nxe4 29. fxe4 Qg4 30. Rxf7 Rxf7 31. Rxf7 Kxf7 32. Kg2 Qxe4+ 33. Kf2 Kg6 34. Kg1 h5 35. h3 Qf3 36. Kh2 g4 37. hxg4 hxg4 38. a5 Kf5 39. b4 cxb4 40. Qxb4 Qxd5 41. Qc3 Qc5 42. Qd3+ Kf6 43. Qf1+ Ke6 44. c4 Qe3 45. Qb1 Qf2+ 46. Kh1 Qf3+ 47. Kh2 Kf6 48. Qh7 Qf2+ 49. Kh1 Qf1+ 50. Kh2 Qh3+ 51. Qxh3 gxh3 52. Kxh3 Kg5 53. Kg2 Kf5 54. Kf3 Kg5 55. Ke4 Kg4 56. c5 dxc5 57. Kxe5 Kxg3 58. Kd5 Kf4 59. Kxc5 Ke5 60. Kb6 Kd6 61. Kxb7 Kd7 62. Kxa6 Kc8 63. Kb6 Kb8 64. a6 Ka8 65. a7 1/2-1/2


[Site "https://www.chess.com"]

[Event "Titled Tuesday Blitz May 16 Early 2023"]
[White "Madaminov, Mukhiddin"]
[Black "Tomiello, Mateus Costamilan"]
[WhiteFideId "14210703"]
[BlackFideId "22701958"]
[WhiteElo "2511"]
[BlackElo "1990"]
[Result "1-0"]
[Round "09"]
[TimeControl "180+2"]
[Date "2023.05.16"]
[WhiteClock "0:00:54"]
[BlackClock "0:00:00"]

1. d4 Nf6 2. Nc3 d5 3. Bf4 c5 4. e3 cxd4 5. exd4 a6 6. Nf3 Nc6 7. Ne5 Bd7 8. g4 e6 9. g5 Ng8 10. Nxc6 Bxc6 11. Qf3 Ne7 12. O-O-O Qa5 13. h4 Nf5 14. a3 b5 15. Bh3 g6 16. Bxf5 gxf5 17. Be5 Rg8 18. Na2 b4 19. Nxb4 Bxb4 20. axb4 Qxb4 21. Rd3 Rc8 22. Rc3 Kd7 23. b3 a5 24. Kb2 Bb5 25. Rxc8 Rxc8 26. c3 Qe7 27. Ra1 Ra8 28. c4 Bc6 29. c5 Qd8 30. Qc3 a4 31. b4 Qc8 32. Ka3 Qa6 33. Bh2 Ra7 34. Qg3 Rb7 35. Rb1 Ke8 36. Qc3 Qc4 37. Qxc4 dxc4 38. Be5 Bb5 39. f4 Kd7 40. d5 exd5 41. Re1 Kc6 42. Bd4 Rd7 43. Re5 Rb7 44. Rxf5 Re7 45. Rf6+ Kb7 46. Rb6+ Kc7 47. Rxb5 Re4 48. Be5+ Kd7 49. Rb7+ Ke6 50. Rb6+ Kf5 51. c6 1-0


[Site "https://www.chess.com"]

[Event "Titled Tuesday Blitz May 16 Early 2023"]
[White "Odegov, Artem"]
[Black "Klepikov, Nikita"]
[WhiteFideId "34183644"]
[BlackFideId "24145220"]
[WhiteElo "2300"]
[BlackElo "2025"]
[Result "0-1"]
[Round "09"]
[TimeControl "180+2"]
[Date "2023.05.16"]
[WhiteClock "0:00:29"]
[BlackClock "0:00:05"]

1. d4 Nf6 2. c4 d6 3. Nf3 Nbd7 4. Nc3 e5 5. e4 g6 6. Be2 Bg7 7. O-O O-O 8. dxe5 dxe5 9. Bg5 c6 10. Qc2 a5 11. Rfd1 Qc7 12. a3 Nc5 13. b4 Ne6 14. Be3 Ng4 15. Rd3 axb4 16. Nb1 Nxe3 17. fxe3 Nc5 18. Rd1 f5 19. exf5 Bxf5 20. Qb2 e4 21. Nd4 Nd3 22. Bxd3 exd3 23. axb4 Rxa1 24. Qxa1 Qe5 25. Re1 Bh6 26. Nxf5 Qxa1 27. Nxh6+ Kg7 28. Ng4 d2 29. Rd1 Qb2 30. Nxd2 Qc2 31. Rf1 Qxd2 32. Rxf8 Kxf8 33. h3 Qxb4 34. Ne5 Qb1+ 35. Kh2 Qe4 36. Nd7+ Ke7 37. Nb6 Qxe3 38. c5 Qxc5 39. h4 Qxb6 40. h5 gxh5 41. g3 Qf2+ 42. Kh1 b5 43. g4 Qf3+ 44. Kh2 hxg4 45. Kg1 Qe2 46. Kh1 b4 47. Kg1 b3 48. Kh1 b2 49. Kg1 b1=Q# 0-1


[Site "https://www.chess.com"]

[Event "Titled Tuesday Blitz May 16 Early 2023"]
[White "Arat, Ufuk Sezen"]
[Black "Weetik, Vjacheslav"]
[WhiteFideId "6309089"]
[BlackFideId "4153472"]
[WhiteElo "2289"]
[BlackElo "2469"]
[Result "1-0"]
[Round "09"]
[TimeControl "180+2"]
[Date "2023.05.16"]
[WhiteClock "0:00:04"]
[BlackClock "0:00:00"]

1. e4 c6 2. d4 d5 3. e5 Bf5 4. h4 Qb6 5. Nf3 e6 6. Bd3 Bg4 7. c3 h5 8. Nbd2 Nh6 9. Nb3 Nd7 10. Bg5 Nf5 11. Qd2 Bxf3 12. gxf3 g6 13. Bxf5 gxf5 14. O-O-O a5 15. Kb1 a4 16. Nc1 c5 17. dxc5 Bxc5 18. Nd3 Ra5 19. c4 Bd4 20. Rc1 Nxe5 21. Nxe5 Bxe5 22. cxd5 O-O 23. Rhg1 Kh7 24. Be3 Rxd5 25. Qc2 Qb5 26. Rgd1 Rc8 27. Rxd5 exd5 28. Qd2 Rxc1+ 29. Qxc1 Qd3+ 30. Qc2 Qf1+ 31. Bc1 1-0


[Site "https://www.chess.com"]

[Event "Titled Tuesday Blitz May 16 Early 2023"]
[White "Zemlyanskii, Ivan"]
[Black "Bethke, Richard"]
[WhiteFideId "24249971"]
[BlackFideId "12959243"]
[WhiteElo "2421"]
[BlackElo "2369"]
[Result "1-0"]
[Round "09"]
[TimeControl "180+2"]
[Date "2023.05.16"]
[WhiteClock "0:00:16"]
[BlackClock "0:00:14"]

1. d4 Nf6 2. c4 e6 3. Bf4 d5 4. Nc3 Be7 5. e3 O-O 6. Nf3 c5 7. cxd5 Nxd5 8. Nxd5 exd5 9. dxc5 Bxc5 10. Bd3 Nc6 11. Bxh7+ Kxh7 12. Qc2+ Kg8 13. Qxc5 Bg4 14. Nd4 Rc8 15. O-O Qd7 16. Nxc6 Rxc6 17. Qxa7 Rfc8 18. b3 Rg6 19. Bg3 Rc2 20. Qd4 Qc6 21. a4 Be2 22. Rfe1 Rg4 23. Qe5 Rb4 24. Rab1 Bd3 25. h3 Rc3 26. Rb2 Rbxb3 27. Rxb3 Rxb3 28. a5 Be4 29. Qd4 Ra3 30. Qb2 Rxa5 31. Rc1 Rc5 32. Rxc5 Qxc5 33. Qxb7 Qc1+ 34. Kh2 Qf1 35. f3 Bg6 36. Qxd5 Qe2 37. e4 Kh7 38. h4 f6 39. h5 Be8 40. Qf5+ Kg8 41. h6 Qd2 42. Qe6+ Bf7 43. h7+ Kxh7 44. Qxf7 Qh6+ 45. Kg1 Qc1+ 46. Kf2 Qd2+ 47. Kf1 Qd3+ 48. Ke1 Qe3+ 49. Kd1 Qd3+ 50. Ke1 Qe3+ 51. Kf1 Qd3+ 52. Kg1 Qd1+ 53. Kh2 Qd2 54. Qh5+ Kg8 55. Qh3 Kf7 56. Qg4 Qh6+ 57. Qh4 Qd2 58. Qh3 g6 59. Bh4 g5 60. Bg3 Qc1 61. Qh7+ Ke6 62. Qf5+ Ke7 63. e5 Qc3 64. exf6+ Qxf6 65. Qxf6+ Kxf6 66. Kh3 Kf5 67. Bf2 Kg6 68. Kg4 Kf6 69. Be3 Kg6 70. Bxg5 Kf7 71. f4 Kf8 72. f5 Kg8 73. Kf4 Kf8 74. g4 Kg8 75. Bh4 Kf8 76. g5 Kg8 77. Kg4 Kf8 78. f6 Kg8 79. Kf5 Kf8 80. g6 Kg8 81. Bg5 Kf8 82. f7 Kg7 83. Bh6+ Kh8 84. f8=Q# 1-0


[Site "https://www.chess.com"]

[Event "Titled Tuesday Blitz May 16 Early 2023"]
[White "Csonka, Balazs"]
[Black "Ladan, Nicholas"]
[WhiteFideId "742910"]
[BlackFideId "30918855"]
[WhiteElo "2404"]
[BlackElo "2167"]
[Result "1-0"]
[Round "09"]
[TimeControl "180+2"]
[Date "2023.05.16"]
[WhiteClock "0:00:52"]
[BlackClock "0:01:33"]

1. d4 d5 2. Nf3 Nf6 3. Bf4 c5 4. e3 Nc6 5. Nbd2 cxd4 6. exd4 Bf5 7. Bb5 Qb6 8. c4 dxc4 9. a4 e6 10. Nxc4 Bb4+ 11. Bd2 Bxd2+ 12. Qxd2 Qd8 13. Qb4 Nd5 14. Qc5 Qe7 15. Bxc6+ bxc6 16. Qxc6+ Qd7 17. Qxa8+ Ke7 18. Qxh8 Bd3 19. Nfe5 1-0


[Site "https://www.chess.com"]

[Event "Titled Tuesday Blitz May 16 Early 2023"]
[White "Mayeregger, Arnold"]
[Black "Preotu, Razvan"]
[WhiteFideId "3705226"]
[BlackFideId "2613280"]
[WhiteElo "2038"]
[BlackElo "2407"]
[Result "0-1"]
[Round "09"]
[TimeControl "180+2"]
[Date "2023.05.16"]
[WhiteClock "0:00:00"]
[BlackClock "0:00:03"]

1. d4 Nf6 2. c4 g6 3. Nc3 d5 4. Nf3 Bg7 5. cxd5 Nxd5 6. e3 O-O 7. Bc4 Nb6 8. Bb3 c5 9. O-O cxd4 10. Nxd4 Na6 11. Qe2 Nc5 12. Bc2 Bd7 13. Rd1 e6 14. e4 Qe7 15. Rb1 Rfd8 16. b3 Be8 17. Be3 Rac8 18. Rbc1 a6 19. Bb1 Rd7 20. Nf3 Rxd1+ 21. Nxd1 Ncd7 22. Rxc8 Nxc8 23. Qc2 Qd8 24. h3 Ne5 25. Nxe5 Bxe5 26. g3 Bc6 27. Nc3 Nd6 28. Na4 Bxe4 29. Qd1 Bxb1 30. Qxb1 Nf5 31. Qe4 Qd1+ 32. Kg2 Nxe3+ 33. Qxe3 Qd5+ 34. Kf1 Bd4 35. Qd3 b5 36. Nc3 Bxc3 37. Qxc3 e5 38. Ke2 Kg7 39. h4 Qe4+ 40. Kf1 Qb1+ 41. Kg2 Qe4+ 42. Kf1 Qd4 43. Qc6 Qa1+ 44. Kg2 Qxa2 45. Qd5 Qe2 46. Qd6 Qe4+ 47. Kg1 a5 48. Qc5 b4 49. Qxa5 Qd4 50. Kg2 h5 51. Qb5 e4 52. Qe2 Qd3 53. Qe1 Qf3+ 54. Kg1 e3 55. Qxb4 Qxf2+ 56. Kh1 e2 57. Qc3+ Kh7 0-1


[Site "https://www.chess.com"]

[Event "Titled Tuesday Blitz May 16 Early 2023"]
[White "Khamdamova, Afruza"]
[Black "Begmuratov, Alisher"]
[WhiteFideId "14210444"]
[BlackFideId "14203367"]
[WhiteElo "2312"]
[BlackElo "2387"]
[Result "0-1"]
[Round "09"]
[TimeControl "180+2"]
[Date "2023.05.16"]
[WhiteClock "0:00:09"]
[BlackClock "0:01:53"]

1. e4 c6 2. Nf3 d6 3. Nc3 Nf6 4. d4 Bg4 5. Bc4 e6 6. O-O d5 7. exd5 cxd5 8. Bd3 Nc6 9. Be3 Bd6 10. h3 Bh5 11. Re1 O-O 12. Be2 a6 13. Bg5 Be7 14. Ne5 Bxe2 15. Nxe2 Ne4 16. Bxe7 Qxe7 17. Nxc6 bxc6 18. f3 Nd6 19. Qd3 a5 20. Ng3 a4 21. b3 Qh4 22. Kh2 Rfc8 23. c4 Qf4 24. Qe3 Qxe3 25. Rxe3 axb3 26. c5 b2 27. Rb1 Nc4 28. Ree1 Rxa2 29. Red1 Na3 30. Ne2 Nxb1 31. Rxb1 Rb8 32. Nc1 Ra1 0-1


[Site "https://www.chess.com"]

[Event "Titled Tuesday Blitz May 16 Early 2023"]
[White "Kvaloy, Aksel Bu"]
[Black "SereneSalmon"]
[WhiteFideId "1528815"]
[WhiteElo "2242"]
[BlackElo "2499"]
[Result "0-1"]
[Round "09"]
[TimeControl "180+2"]
[Date "2023.05.16"]
[WhiteClock "0:02:06"]
[BlackClock "0:01:31"]

1. e4 e6 2. d4 d5 3. Nc3 Nf6 4. e5 Nfd7 5. f4 c5 6. Nf3 Nc6 7. Be3 Be7 8. Qd2 O-O 9. h4 f6 10. O-O-O c4 11. g4 b5 12. Ne2 b4 13. c3 Qa5 14. Kb1 Rb8 15. Bh3 bxc3 16. Nxc3 Ba3 17. exf6 Nxf6 18. g5 Rxb2+ 19. Qxb2 Bxb2 20. Kxb2 Qb4+ 21. Kc2 Ne4 22. Nxe4 dxe4 23. Ne5 Nxe5 24. dxe5 Qa4+ 25. Kb2 Bd7 26. Rd6 Rb8+ 27. Ka1 Qc2 28. Rd2 Qc3+ 0-1


[Site "https://www.chess.com"]

[Event "Titled Tuesday Blitz May 16 Early 2023"]
[White "Krysa, Leandro"]
[Black "Shapiro, Viktor"]
[WhiteFideId "116807"]
[BlackFideId "4175700"]
[WhiteElo "2489"]
[BlackElo "2152"]
[Result "1-0"]
[Round "09"]
[TimeControl "180+2"]
[Date "2023.05.16"]
[WhiteClock "0:00:43"]
[BlackClock "0:00:16"]

1. e4 Nf6 2. e5 Nd5 3. d4 d6 4. c4 Nb6 5. f4 dxe5 6. fxe5 c5 7. d5 g6 8. Nc3 Bg7 9. Bf4 O-O 10. Bd3 e6 11. d6 Nc6 12. Nf3 Nd7 13. Qe2 Nd4 14. Nxd4 cxd4 15. Nb5 Qa5+ 16. Bd2 Qb6 17. Bf4 Qc5 18. O-O a6 19. Nc7 Rb8 20. Rae1 Nb6 21. Qd2 Nxc4 22. Qc2 b5 23. b3 Bb7 24. bxc4 bxc4 25. Qxc4 Qa7 26. Rb1 Rfc8 27. Rfc1 g5 28. Bg3 h5 29. h3 h4 30. Bh2 Bd5 31. Rxb8 Qxb8 32. Qxd4 a5 33. Rb1 Bb7 34. Be4 Bxe4 35. Rxb8 Rxb8 36. Qxe4 Rb2 37. d7 Rd2 38. Qa8+ 1-0


[Site "https://www.chess.com"]

[Event "Titled Tuesday Blitz May 16 Early 2023"]
[White "Souleidis, Georgios"]
[Black "Golubev, Mikhail"]
[WhiteFideId "4206827"]
[BlackFideId "14100983"]
[WhiteElo "2401"]
[BlackElo "2374"]
[Result "1/2-1/2"]
[Round "09"]
[TimeControl "180+2"]
[Date "2023.05.16"]
[WhiteClock "0:00:03"]
[BlackClock "0:00:03"]

1. e4 c5 2. Be2 Nc6 3. d3 d5 4. f4 dxe4 5. dxe4 Qxd1+ 6. Bxd1 Bd7 7. c3 e5 8. Nf3 exf4 9. Bxf4 O-O-O 10. Bb3 Nf6 11. Nbd2 Be6 12. Bxe6+ fxe6 13. O-O-O h6 14. h3 Be7 15. Bh2 Rhf8 16. Rhe1 Nh5 17. Nc4 Rxd1+ 18. Rxd1 Nf4 19. Bxf4 Rxf4 20. Re1 g5 21. Kd2 g4 22. hxg4 Rxg4 23. Re2 h5 24. a4 Kc7 25. Ke3 a6 26. Nce5 Nxe5 27. Nxe5 Rg3+ 28. Kf2 Rg5 29. Nf3 Rg8 30. Rd2 b5 31. axb5 axb5 32. Ne5 Bd6 33. Nf3 Bg3+ 34. Kf1 Kc6 35. b4 cxb4 36. cxb4 e5 37. Rc2+ Kd6 38. Rd2+ Kc6 39. Rc2+ Kd6 40. Rc5 Ra8 41. Rxb5 Ra1+ 42. Ke2 Ra2+ 43. Kd3 Rxg2 44. Rb6+ Kc7 45. Rh6 Rf2 46. Ke3 Bf4+ 47. Kxf2 Bxh6 48. Nxe5 Bd2 49. Nd3 Kd6 50. Kf3 h4 51. Kg4 h3 52. Kxh3 Bxb4 53. Nxb4 Ke5 54. Nc2 Kxe4 1/2-1/2


[Site "https://www.chess.com"]

[Event "Titled Tuesday Blitz May 16 Early 2023"]
[White "Ismagilov, Damir"]
[Black "Yurasova, Daria"]
[WhiteFideId "34199982"]
[BlackFideId "34146919"]
[WhiteElo "2143"]
[BlackElo "2109"]
[Result "1/2-1/2"]
[Round "09"]
[TimeControl "180+2"]
[Date "2023.05.16"]
[WhiteClock "0:00:04"]
[BlackClock "0:00:06"]

1. f4 d5 2. Nf3 h6 3. d4 Bf5 4. e3 e6 5. c4 c6 6. Nc3 Nf6 7. Bd3 Bxd3 8. Qxd3 Nbd7 9. O-O Be7 10. Ne5 O-O 11. Bd2 Rc8 12. Be1 dxc4 13. Nxc4 c5 14. d5 exd5 15. Nxd5 Nxd5 16. Qxd5 b5 17. Ba5 Nb6 18. Qxd8 Bxd8 19. Nd6 Rc6 20. Nxb5 Nc4 21. Bc3 Nxe3 22. Rf3 Nd5 23. Nxa7 Rb6 24. a4 Nxc3 25. bxc3 Ra6 26. Nb5 c4 27. f5 Bb6+ 28. Kf1 Rfa8 29. Rf4 Rxa4 30. Re1 Bc5 31. f6 gxf6 32. Nd4 Bxd4 33. Rxd4 R8a5 34. Ree4 Rf5+ 35. Rf4 Ra1+ 36. Kf2 Ra2+ 37. Kf3 Rg5 38. Rg4 Ra4 39. Rxc4 Rxc4 40. Rxc4 Kf8 41. Rc7 Ra5 42. g3 f5 43. h4 Kg7 44. Kf4 Kf6 45. Rc6+ Kg7 46. c4 f6 47. Rd6 Kg6 48. Rd8 Ra1 49. Rg8+ Kf7 50. Rc8 Rf1+ 51. Ke3 Ke6 52. Rh8 Rc1 53. Kd3 Rg1 54. Rxh6 Rxg3+ 55. Kd4 Rg1 56. c5 Rd1+ 57. Kc4 Rc1+ 58. Kd4 Rd1+ 59. Ke3 Rc1 60. Rh8 Rxc5 61. Ra8 Kf7 62. Kf4 Kg7 63. Rb8 Kg6 64. Rg8+ Kh7 65. Rb8 Kg6 66. Rg8+ Kh7 67. Rg1 Ra5 68. Rg2 Re5 69. Rg3 Rc5 70. Rg1 Re5 71. Rd1 Ra5 72. Rc1 Rd5 73. Rc8 Kg7 74. h5 Kh6 75. Rh8+ Kg7 76. Rc8 Kh6 77. Rh8+ Kg7 78. Rb8 Kh6 79. Rh8+ 1/2-1/2


[Site "https://www.chess.com"]

[Event "Titled Tuesday Blitz May 16 Early 2023"]
[White "Agibileg, Uurtsaikh"]
[Black "Aakanksha Hagawane"]
[WhiteFideId "4901606"]
[BlackFideId "25014510"]
[WhiteElo "2353"]
[BlackElo "2081"]
[Result "1-0"]
[Round "09"]
[TimeControl "180+2"]
[Date "2023.05.16"]
[WhiteClock "0:01:45"]
[BlackClock "0:00:00"]

1. d4 Nf6 2. c4 c5 3. d5 e6 4. Nc3 exd5 5. cxd5 d6 6. e4 g6 7. Bd3 Bg7 8. h3 O-O 9. Nf3 b5 10. Nxb5 Re8 11. O-O Nxe4 12. Bxe4 Rxe4 13. Bg5 Qd7 14. Nc3 Re8 15. Re1 Ba6 16. Ne4 f5 17. Nf6+ Bxf6 18. Bxf6 Qf7 19. Bc3 Nd7 20. Ng5 Qf8 21. Ne6 Qf7 22. Qd2 Bb7 23. Qh6 Nf6 24. Ng5 Qg7 25. Qh4 Bxd5 26. Nxh7 Qxh7 27. Qxf6 Be4 28. f3 Bb7 29. Qxd6 Rad8 30. Qxc5 Bxf3 31. Rxe8+ Rxe8 32. Qc4+ Kf8 33. Bb4+ Kg7 34. Qc7+ Kh6 35. Bd2+ g5 36. Bxg5+ Kg6 37. Qxh7+ Kxh7 38. gxf3 Re2 39. Rb1 Kg6 40. h4 Kh5 41. a3 1-0


[Site "https://www.chess.com"]

[Event "Titled Tuesday Blitz May 16 Early 2023"]
[White "hakanazeri2"]
[Black "Tanmay Jain"]
[BlackFideId "45015481"]
[WhiteElo "2600"]
[BlackElo "2032"]
[Result "0-1"]
[Round "09"]
[TimeControl "180+2"]
[Date "2023.05.16"]
[WhiteClock "0:00:00"]
[BlackClock "0:00:10"]

1. e4 c5 2. Nf3 Nc6 3. d4 cxd4 4. Nxd4 d6 5. Nc3 e5 6. Ndb5 a6 7. Na3 Nf6 8. Bg5 Be7 9. Nc4 Nd4 10. Bxf6 Bxf6 11. Ne3 O-O 12. Bd3 Be6 13. Ncd5 Bg5 14. c3 Bxe3 15. Nxe3 Nc6 16. Bc4 Qd7 17. O-O Ne7 18. Nd5 Bxd5 19. Bxd5 Rfd8 20. c4 Rab8 21. Qf3 Nxd5 22. cxd5 Rbc8 23. Rac1 Qb5 24. b3 Rc5 25. h4 Rdc8 26. Rxc5 Rxc5 27. h5 h6 28. Qg4 Qe8 29. Qe2 Qe7 30. g3 Qg5 31. Kg2 Rc3 32. b4 b5 33. a4 bxa4 34. Qxa6 Qxh5 35. Qxa4 Qf3+ 36. Kg1 Qxe4 37. Qe8+ Kh7 38. Qxf7 Rb3 39. Rc1 Rxb4 40. Qe6 Rb1 41. Rxb1 Qxb1+ 42. Kg2 Qg6 43. Qd7 Qe4+ 44. Kh2 Qxd5 45. Qf5+ Kg8 46. Qc8+ Kf7 47. Qd7+ Kg6 48. Qg4+ Kf6 49. Qd7 Qe6 50. Qd8+ Kg6 51. Kg2 d5 52. f4 exf4 53. gxf4 Qe4+ 54. Kg3 d4 55. Qd6+ Kh7 56. Qd7 d3 57. f5 Qe3+ 58. Kg2 Qe2+ 59. Kg3 Qe3+ 60. Kg2 Qe4+ 61. Kh2 h5 62. f6 Qe5+ 63. Kg2 Qg5+ 64. Kh2 Qxf6 0-1


[Site "https://www.chess.com"]

[Event "Titled Tuesday Blitz May 16 Early 2023"]
[White "Mrudul Dehankar"]
[Black "Nikologorskiy, Konstantin"]
[WhiteFideId "25096990"]
[BlackFideId "24111708"]
[WhiteElo "2139"]
[BlackElo "2273"]
[Result "0-1"]
[Round "09"]
[TimeControl "180+2"]
[Date "2023.05.16"]
[WhiteClock "0:00:00"]
[BlackClock "0:00:03"]

1. e4 c5 2. Nf3 d6 3. d4 cxd4 4. Nxd4 Nf6 5. Nc3 a6 6. Bg5 Nbd7 7. f4 Qc7 8. Qf3 h6 9. Bxf6 Nxf6 10. f5 Qc5 11. O-O-O g5 12. Kb1 Bg7 13. Be2 Bd7 14. h4 g4 15. Qf4 h5 16. Rhf1 Bh6 17. Qf2 O-O 18. Nd5 Nxe4 19. Nxe7+ Kh8 20. Qe1 Qe5 21. f6 Ng3 22. Rf2 Nxe2 23. Rxe2 Qxf6 24. Rf2 Qe5 25. Re2 Qg7 26. Ndf5 Bxf5 27. Nxf5 Qf6 28. Rxd6 Qxf5 29. Rxh6+ Kg7 30. Re5 Rae8 31. Rxe8 Rxe8 32. Qc1 Re6 33. Rxe6 fxe6 34. Qe3 e5 35. Qc1 e4 36. g3 Kf7 37. b3 Qf3 38. Qg5 Qf1+ 39. Kb2 Qf6+ 40. Qxf6+ Kxf6 41. Kc3 Ke5 42. Kd2 Kd4 43. c3+ Kd5 44. Ke3 b5 45. a3 a5 46. b4 a4 0-1


[Site "https://www.chess.com"]